 Dungeon Crawl Stone Soup version 0.25.1-8-g42b30a86e7 (webtiles) character file.

Game seed: 11148500066221025251

44 DildoBatman the Magician (level 3, 0/24 HPs)
             Began as a Formicid Wizard on Dec 19, 2020.
             Slain by an adder (3 damage)
             ... on level 2 of the Dungeon.
             The game lasted 00:02:29 (1030 turns).

DildoBatman the Magician (Formicid Wizard)          Turns: 1030, Time: 00:02:30

Health: 0/24       AC:  2    Str:  8 (11) XL:     3   Next: 87%
Magic:  0/7        EV: 12    Int: 17 (18) God:
Gold:   59         SH:  0    Dex:  8 (9)  Spells: 7/8 levels left

rFire    . . .     SeeInvis +   c - +0 mace
rCold    . . .     Gourm    .   (no shield)
rNeg     . . .     Faith    .   a - +0 robe
rPois    .         Spirit   .   (helmet unavailable)
rElec    .         Reflect  .   (no cloak)
rCorr    .         Harm     .   (no gloves)
MR       .....                  (no boots)
Stlth    ++........             (no amulet)
HPRegen  0.08/turn              (no ring)
MPRegen  0.10/turn              (no ring)

@: lethally poisoned (0 -> -4)
A: permanent stasis, dig shafts and tunnels, four strong arms, antennae 3
a: Dig, Shaft Self


You were on level 2 of the Dungeon.
You were not hungry.

You visited 1 branch of the dungeon, and saw 2 of its levels.

You collected 59 gold pieces.

Inventory:

Hand Weapons
 c - a +0 mace (weapon)
Missiles
 b - 25 stones (quivered)
 f - a throwing net
 j - 13 bolts
Armour
 a - a +0 robe (worn)
 d - a +1 cloak
 h - a +2 ring mail of fire resistance
Scrolls
 e - a scroll of identify {unknown}
 g - a scroll of remove curse {unknown}
 i - 2 scrolls of amnesia {unknown}
Comestibles
 v - 4 rations


   Skills:
 - Level 1.7 Dodging
 - Level 2.4 Stealth
 - Level 3.2 Spellcasting
 * Level 3.1 Conjurations
   Level 1.0 Summonings
   Level 0.8 Translocations


You had 7 spell levels left.
You knew the following spells:

 Your Spells              Type           Power        Failure   Level  Hunger
c - Magic Dart            Conj           ##..         4%          1    None

Your spell library contained the following spells:

 Spells                   Type           Power        Failure   Level  Hunger
 Call Imp                 Summ           #.......     17%         2    ##.....
 Slow                     Hex            #.......     26%         2    ##.....
 Conjure Flame            Conj/Fire      #.......     26%         3    ###....
 Mephitic Cloud           Conj/Pois/Air  #.......     32%         3    ###....
 Blink                    Tloc           Unusable     N/A         2    N/A

Dungeon Overview and Level Annotations

Branches:
Dungeon (2/15)

Altars:


Innate Abilities, Weirdness & Mutations

You cannot be hasted, slowed, berserked, paralysed or teleported.
You can dig through walls and to a lower floor.
Your four strong arms can wield two-handed weapons with a shield.
You have a pair of large antennae on your head. (SInv)


Message History

You retract your mandibles.
A goblin comes into view. It is wielding a +0 club.
The goblin shouts!
Casting: Magic Dart (safe; 4% risk of failure)
Confirm with . or Enter, or press ? or * to list all spells.
Aiming: Magic Dart (safe; 4% risk of failure)
Press: ? - help, Shift-Dir - straight line, f/p - adder
Aim: an adder (heavily wounded)
The magic dart hits the adder.
The adder is heavily wounded.
You feel sick. The adder closely misses you. The adder bites you.
It was a potion of degeneration.
There was something very wrong with that liquid.
You feel weakened.
You feel dopey.
You feel clumsy. The adder bites you.
You die...

### #.#####
#.#...# #.#...#
#...<.#
##@....#
##S.....#
#.#...†.#
##.g...######
##.........#
#####........!#
#....(..÷.....#
#.####.....<..#
####.....#


You could see an adder and a goblin.

Vanquished Creatures
  An adder (D:2)
  A dart slug (D:1)
  A leopard gecko (D:1)
  3 bats
  3 giant cockroaches
  2 goblins (D:1)
  3 hobgoblins (D:1)
  5 jackals (D:1)
  6 kobolds (D:1)
  4 rats
29 creatures vanquished.

Notes
Turn   | Place    | Note
-------+----------+-------------------------------------------
     0 | D:1      | DildoBatman the Formicid Wizard began the quest for the
                  | Orb.
     0 | D:1      | Reached XP level 1. HP: 13/13 MP: 4/4
    25 | D:1      | Reached skill level 1 in Conjurations
   160 | D:1      | Reached XP level 2. HP: 18/19 MP: 3/6
   508 | D:1      | You fall into a shaft and drop 1 floor!
   551 | D:1      | Reached XP level 3. HP: 24/24 MP: 5/7
  1030 | D:2      | Slain by an adder

Illustrated notes

Levels and vault maps discovered:
D:1:      saegor_arrival_simple_b, layout_loops_ring
D:2:      layout_basic, lemuel_round_altar, first_ration, uniq_terence

Skill      XL: |  1  2  3 |
---------------+----------+-----
Conjurations   | 1 2 3 |  3.1
Dodging        | |  1.7
Stealth        | |  2.4
Spellcasting   | |  3.2
Summonings     | |  1.0
Translocations | |  0.8

Action                   || total
-------------------------++-------
Melee: Mace              ||    28
 Cast: Magic Dart        ||    66
 Abil: Dig               ||     4
  Use: Potion            ||     1
  Eat: Chunk             ||     1
Armor: Robe              ||     3
Dodge: Dodged            ||    50
